 Dungeon Crawl Stone Soup version 0.18.1-50-g88ac8fd (webtiles) character file.

539 ranef the Ruffian (level 7, 0/67 HPs)
             Began as a Troll Berserker on Oct 30, 2016.
             Was a Priest of Trog.
             Killed from afar by Franakus's ghost (11 damage)
             ... with an orb of energy
             ... on level 4 of the Dungeon.
             The game lasted 00:13:55 (2739 turns).

ranef the Ruffian (Troll Berserker)                 Turns: 2739, Time: 00:13:55

Health: 0/67       AC:  5    Str: 28    XL:     7   Next: 5%
Magic:  6/6        EV: 11    Int:  3    God:    Trog [***...]
Gold:   73         SH:  0    Dex:  9    Spells: 0 memorised, 6 levels left

rFire  . . .     SeeInvis .       - Unarmed
rCold  . . .     Gourm    +     a - +0 animal skin
rNeg   . . .     Faith    .     (no shield)
rPois  .         Spirit   .     (helmet restricted)
rElec  .         Dismiss  .     (no cloak)
rCorr  .         Reflect  .     (gloves unavailable)
SustAt +         Harm     .     (boots unavailable)
MR     .....                    (no amulet)
Stlth  +.........               m - ring of sustain attributes
                                h - ring of flight

@: hasted, very quick, not resistant to hostile enchantments, very unstealthy
A: unfitting armour, claws 3, fast metabolism 3, gourmand, regeneration 2,
shaggy fur 1, tough skin 2
a: Berserk, Trog's Hand, Burn Spellbooks, Renounce Religion, Evoke Flight


You were on level 4 of the Dungeon.
You worshipped Trog.
Trog was most pleased with you.
You were not hungry.

You visited 1 branch of the dungeon, and saw 4 of its levels.

You collected 73 gold pieces.

Inventory:

Armour
 a - a +0 animal skin (worn)
Jewellery
 h - a ring of flight (left claw)
 m - a ring of sustain attributes (right claw)
Scrolls
 b - a scroll of recharging {unknown}
 c - a scroll of identify {unknown}
 e - a scroll of remove curse {unknown}
 g - 2 scrolls of teleportation {unknown}
 i - a scroll of random uselessness {unknown}
 j - a scroll of amnesia {unknown}
Potions
 k - 2 potions of curing {unknown}
Comestibles
 d - a meat ration
 l - a bread ration


   Skills:
 + Level 3.3 Fighting
 + Level 4.9 Dodging
 + Level 0.1 Stealth
 + Level 5.4 Unarmed Combat


You had 6 spell levels left.
You didn't know any spells.

Dungeon Overview and Level Annotations

Branches:
Dungeon (4/15)
 Temple: D:4-7

Altars:
Dithmenos
Okawaru
Pakellas
Qazlal
Trog
The Shining One

Annotations:
D:4 Franakus's ghost, amateur DECj


Innate Abilities, Weirdness & Mutations

You are too large for most types of armour.
You have claws for hands.
Your metabolism is lightning-fast.
You like to eat raw meat.
You heal very quickly.
You are covered in fur (AC +1).
You have very tough skin (AC +2).


Message History

You are too injured to fight recklessly!
You are too injured to fight recklessly!
You are too injured to fight recklessly!
You are too injured to fight recklessly!
You are too injured to fight recklessly!
You are too injured to fight recklessly!
You are too injured to fight recklessly!
You are too injured to fight recklessly!
You are too injured to fight recklessly!
You are too injured to fight recklessly!
You are too injured to fight recklessly!
You are too injured to fight recklessly!
You are too injured to fight recklessly!
You are too injured to fight recklessly!
You are too injured to fight recklessly!
You are too injured to fight recklessly!
It was a potion of haste.
You feel yourself speed up.
Franakus's ghost points at you and mumbles some strange words.
The orb of energy hits you!
You die...

#...............#
#................#
##.................
#.............†...#
#............†....#
##.................#
#..................#
#..W..............##
##..@..............#
#..................#
##.................#
#####................#
.....................##
..#######.......######
#######.## #..#
#######.##


You could see Franakus's ghost.

Vanquished Creatures
  A phantom (D:4)
  An ogre (D:4)
  A scorpion (D:4)
  A howler monkey (D:4)
  A hound (D:4)
  An orc priest (D:3)
  3 orc wizards (D:4)
  3 gnolls (D:3)
  An adder skeleton (D:4)
  3 dart slugs
  2 giant geckos
  13 orcs
  2 giant cockroaches
  7 goblins
  9 hobgoblins
  6 jackals
  2 quokkas
  2 ball pythons
  4 bats
  A giant newt (D:1)
  14 kobolds
  10 rats
88 creatures vanquished.

Notes
Turn   | Place    | Note
--------------------------------------------------------------
     0 | D:1      | ranef the Troll Berserker began the quest for the Orb.
     0 | D:1      | Reached XP level 1. HP: 22/22 MP: 0/0
   410 | D:1      | Reached XP level 2. HP: 29/29 MP: 1/1
   763 | D:1      | Reached ** piety under Trog
   886 | D:1      | Reached XP level 3. HP: 27/36 MP: 2/2
  1479 | D:2      | Found an iron altar of Okawaru.
  1482 | D:2      | Found an oddly glowing altar of Pakellas.
  1485 | D:2      | Found a stormy altar of Qazlal.
  1488 | D:2      | Found a bloodstained altar of Trog.
  1597 | D:2      | Found a glowing golden altar of the Shining One.
  1743 | D:3      | Found a shadowy altar of Dithmenos.
  1876 | D:3      | Found a faded altar to an unknown god.
  1889 | D:3      | Reached XP level 4. HP: 41/44 MP: 3/3
  2111 | D:3      | Reached *** piety under Trog
  2195 | D:3      | Reached skill level 4 in Unarmed Combat
  2195 | D:3      | Reached XP level 5. HP: 52/52 MP: 4/4
  2497 | D:4      | Reached XP level 6. HP: 41/61 MP: 5/5
  2511 | D:4      | Reached skill level 5 in Unarmed Combat
  2670 | D:4      | Reached XP level 7. HP: 44/67 MP: 6/6
  2727 | D:4      | Noticed Franakus's ghost (amateur DECj)
  2739 | D:4      | Killed from afar by Franakus's ghost

Skill      XL: |  1  2  3  4  5  6 |
---------------+-------------------+-----
Dodging        | 3 4 |  4.9
Unarmed Combat | 4 5 |  5.4
Fighting       | 3 |  3.3
Stealth        | |  0.1

Action                   |  1- 3 |  4- 6 |  7- 9 || total
-------------------------+-------+-------+-------++-------
Melee: Unarmed           |   119 |   119 |     8 ||   246
       Punch             |     1 |       |       ||     1
Invok: Berserk           |     1 |     1 |       ||     2
  Use: Potion            |       |     1 |     1 ||     2
 Stab: Sleeping          |     1 |       |       ||     1
  Eat: Chunk             |     5 |     6 |       ||    11
       Bread ration      |     2 |     1 |       ||     3
       Beef jerky        |       |     1 |       ||     1
Armor: Animal skin       |    62 |    36 |     3 ||   101
Dodge: Dodged            |    77 |    54 |     2 ||   133
